 Dungeon Sprint DCSS version 0.26-a0-958-gf3041fb45f (webtiles) character file.

Game seed: 3808871518818198496

88858 iamoutofideas the Archmage (level 14, -7/88 HPs)
             Began as a Deep Elf Fire Elementalist on Dec 2, 2020.
             Was the Champion of Vehumet.
             Killed by a reflected crystal spear
             ... reflected by Frederick
             ... in the Dungeon (Sprint III: "The Ten Rune Challenge").
             The game lasted 00:33:42 (7137 turns).

iamoutofideas the Archmage (DEFE)                   Turns: 7137, Time: 00:33:43

Health: -7/88      AC: 31    Str: 13    XL:     14   Next: 58%
Magic:  9/47       EV: 23    Int: 29    God:    Vehumet [******]
Gold:   490        SH:  0    Dex: 18    Spells: 5/67 levels left

rFire    . . .     SeeInvis .   j - +2 long sword (holy)
rCold    + . .     Faith    +   (no shield)
rNeg     + . .     Spirit   .   (armour currently unavailable)
rPois    ∞         Reflect  .   u - +2 hat
rElec    +         Harm     .   (no cloak)
rCorr    .         Rampage  .   (gloves currently unavailable)
MR       +....     NoTele   +   (boots currently unavailable)
Stlth    ++++......             C - amulet of Dutoenatt {Faith rC+ Int+3}
HPRegen  0.24/turn              B - ring "Ucops" {rPois Str+4 Dex+3 Stlth+}
MPRegen  0.30/turn              G - +4 ring of evasion

@: statue-form, very slow
A: antennae 1, hooves 1, strong 2
}: 2/10 runes: serpentine, barnacled
a: End Transformation, Renounce Religion


You were in the Dungeon.
You worshipped Vehumet.
Vehumet was exalted by your worship.
You were a stone statue.
You visited 1 branch You collected 2025 gold pieces.
You spent 1535 gold pieces at shops.

Inventory:

Hand Weapons
 j - a +2 long sword of holy wrath (weapon)
 l - the +8 frozen axe "Frostbite" {freezing cloud, *Noise +Fly rC+}
   (You found it in the Dungeon)

   It has been specially enchanted to freeze those struck by it, causing extra
   injury to most foes and up to half again as much damage against particularly
   susceptible opponents.
   It can also slow down cold-blooded creatures.
   It protects you from cold.
   It lets you fly.
   It may make noises in combat.
 v - the +4 morningstar of the Middle {antimagic, rElec MR+ Stlth+}
   (You took it off a deep elf death mage in the Dungeon)

   It reduces the magical energy of the wielder, and disrupts the spells and
   magical abilities of those hit.
   Natural abilities and divine invocations are not affected.
   It insulates you from electricity.
   It affects your resistance to hostile enchantments.
   It makes you more stealthy.
 y - the +1 spear "Waberr" {vorpal, MR- Int+6 Dex+2}
   (You took it off a deep elf demonologist in the Dungeon)

   It inflicts extra damage upon your enemies.
   It affects your intelligence (+6).
   It affects your dexterity (+2).
   It affects your resistance to hostile enchantments.
 H - the +11 plutonium sword {*Contam Stlth-}
   (You found it in the Dungeon)

   It causes magical contamination when unequipped.
   It makes you less stealthy.
Armour
 a - a +0 robe
 q - a +0 leather armour of poison resistance
 s - a +3 troll leather armour (melded) {Snorg}
 u - a +2 hat (worn)
 z - the cursed +0 tower shield "Izoraigeag" {MR+}
   (You took it off a deep elf demonologist in the Dungeon)

   It affects your resistance to hostile enchantments.
   It has a curse placed upon it.
 A - a +0 robe of cold resistance
Magical Staves
 D - an uncursed staff of conjuration
Jewellery
 k - the ring "Uwnoleakh" {*Corrode rC+ Dex+4 Slay+2}
   (You found it in the Dungeon)

   [ring of protection from cold]

   It affects your dexterity (+4).
   It affects your accuracy and damage with ranged weapons and melee attacks
   (+2).
   It protects you from cold.
   It may corrode you when you take damage.
 w - an uncursed ring of ice
 B - the ring "Ucops" (left hand) {rPois Str+4 Dex+3 Stlth+}
   (You found it in the Dungeon)

   [ring of stealth]

   It affects your strength (+4).
   It affects your dexterity (+3).
   It protects you from poison.
   It makes you more stealthy.
 C - the amulet of Dutoenatt (around neck) {Faith rC+ Int+3}
   (You found it in the Dungeon)

   [amulet of faith]

   It allows you to gain divine favour quickly.
   It affects your intelligence (+3).
   It protects you from cold.
 G - a +4 ring of evasion (right hand)
 J - a +4 ring of protection {unknown}
Wands
 d - a wand of polymorph (7)
 F - a wand of iceblast (6)
Scrolls
 h - a scroll of blinking
 m - 6 scrolls of remove curse
 o - a scroll of holy word
 x - a scroll of silence
Potions
 b - 7 potions of heal wounds
 c - 6 potions of curing
 e - 7 potions of haste
 f - a potion of magic
 g - 3 potions of berserk rage
 i - a potion of cancellation {unknown}
 n - a potion of flight
 p - a potion of might
 t - a potion of ambrosia
 I - 2 potions of lignification
Miscellaneous
 r - a box of beasts
 E - a phantom mirror


   Skills:
 + Level 9.6 Dodging
 + Level 5.3 Stealth
 O Level 27 Spellcasting
 + Level 19.2 Conjurations
 - Level 9.0 Transmutations
 * Level 24.2 Fire Magic
 + Level 12.9 Earth Magic


You had 5 spell levels left.
You knew the following spells:

 Your Spells              Type           Power        Failure   Level
a - Foxfire               Conj/Fire      ####         0%          1
b - Lehudib's Crystal Sp  Conj/Erth      #######...   1%          8
c - Sticky Flame          Conj/Fire      ########     0%          4
d - Fireball              Conj/Fire      ########..   0%          5
e - Stone Arrow           Conj/Erth      ######       0%          3
f - Frozen Ramparts       Ice            #####.       1%          3
g - Olgreb's Toxic Radia  Pois           #####...     1%          4
h - Statue Form           Tmut/Erth      #######..    1%          6
i - Iron Shot             Conj/Erth      #######...   1%          6
j - Ignition              Fire           ########..   1%          8
k - Spellforged Servitor  Conj/Summ      #######...   3%          7
l - Blink                 Tloc           N/A          1%          2
m - Lee's Rapid Deconstr  Erth           #######...   1%          5

Your spell library contained the following spells:

 Spells                   Type           Power        Failure   Level
 Fire Storm               Conj/Fire      ########..   2%          9
 Absolute Zero            Ice            #####.....   100%        9
 Magic Dart               Conj           ####         0%          1
 Sandblast                Erth           ######       0%          1
 Passwall                 Tmut/Erth      #######.     0%          2
 Conjure Flame            Conj/Fire      ########     0%          3
 Inner Flame              Hex/Fire       #######.     0%          3
 Bolt of Magma            Conj/Fire/Erth #######...   0%          5
 Iskenderun's Battlesphe  Conj           ########     0%          5
 Animate Skeleton         Necr           #####.       1%          1
 Apportation              Tloc           #####.       1%          1
 Corona                   Hex            #####..      1%          1
 Summon Small Mammal      Summ           ####         1%          1
 Call Imp                 Summ           #####...     1%          2
 Slow                     Hex            #####...     1%          2
 Call Canine Familiar     Summ           #####...     1%          3
 Mephitic Cloud           Conj/Pois/Air  ######..     1%          3
 Summon Guardian Golem    Hex/Summ       #####...     1%          3
 Ice Form                 Ice/Tmut       ######..     1%          4
 Leda's Liquefaction      Hex/Erth       ######....   1%          4
 Petrify                  Tmut/Erth      #######.     1%          4
 Irradiate                Conj/Tmut      #######...   1%          5
 Lightning Bolt           Conj/Air       #######...   1%          5
 Yara's Violent Unravell  Hex/Tmut       ######....   1%          5
 Summon Ice Beast         Ice/Summ       #####...     6%          4
 Summon Lightning Spire   Summ/Air       #####...     6%          4
 Orb of Destruction       Conj           ########..   1%          7
 Dragon Form              Tmut           #######...   14%         7
 Shatter                  Erth           #######...   58%         9
 Summon Hydra             Summ           #####.....   99%         7


Dungeon Overview and Level Annotations

Branches:
Dungeon (1/1)

Altars:
Cheibriados
Dithmenos
Elyvilon
Fedhas
Gozag
Hepliaklqana
Kikubaaqudgha
Makhleb
Nemelex Xobeh
Okawaru
Qazlal
Ru
Sif Muna
Trog
Uskayaw
Vehumet
Wu Jian
Xom
Yredelemnul
Zin
The Shining One
Beogh
Jiyva
Lugonu

Shops:
D !=[[!}![:[(}(?!!=:

Annotations:
D exclusions: 2 doors and 2 statues, Frederick


Innate Abilities, Weirdness & Mutations

You have a pair of small antennae on your head.
You have large cloven feet.
Your muscles are very strong. (Str +4)


Message History

The crystal spear hits you!!!
Ouch! That really hurt!
Your spellforged servitor hums quietly as it recharges.
Frederick completely misses you.
The spellforged servitor casts a spell at you.
The lance of force misses you.
The lance of force hits your spellforged servitor!!
Your spellforged servitor is knocked back by the lance of force.
Your spellforged servitor slams into the stone wall!
Your spellforged servitor is destroyed!
Frederick points at you and mumbles some strange words.
The lance of force misses you.
Casting: Lehudib's Crystal Spear (dangerous; 1% risk of failure)
Confirm with . or Enter, or press ? or * to list all spells.
Aiming: Lehudib's Crystal Spear (dangerous; 1% risk of failure)
Press: ? - help, Shift-Dir - straight line, f/p - Frederick
Aim: Frederick, wielding a +0 trident of freezing and wearing a +2 tower shield of reflection (lightly wounded, 13% to evade) Frederick reflects the crystal spear off his +2 tower shield of reflection!
The crystal spear hits you!!!
You die...

.#.##†.†≈≈###*****************+*
#.#.#†.††≈≈≈#*,,,,,,,+,,,,,,,,,*
.#.##.†.≈†≈≈#*,*******,,,,,,,,,*
#.#.#..†††..#*,,,,,,,*,,,,,,,,,*
.#.##..††...#*******,*,,,,,,,,,*
#.#.#...†.†.#*,,,,,,,*,,,,,,,{,*
.#.###########+#################
#######******#.#.#§#.#)..§[§.≈†#
'(≈≈≈≈#*,,≈≈≈##88.#.##§§§≈≈§≈§≈#
#.§≈≈≈#≈,≈*≈≈#.#.#§#.#.§§§§§§..#
#.#≈≈≈#*≈**≈≈##@#§#§.#§§§§§.§..#
#.#)≈≈§#**≈≈≈#.#§#§#§'...§§§...#
..#*#≈§§§≈≈≈≈################'##
.P#{*)§§≈≈≈≈≈#...#...#..#..§§(.#
..#+**#≈≈≈≈≈≈#...#...#..#..§(..#
..#,,,*)≈≈≈≈≈##'###'##..#...)..#
###,,,***≈≈###.......'.('......#


You could see Frederick and a spellforged servitor (summoned).

Vanquished Creatures
  Sigmund (D)
  A deep elf blademaster (D)
  Rupert (D)
  A kraken (D)
  Chuck (D)
  Gastronok (D)
  A nagaraja (D)
  A deep elf annihilator (D)
  2 dire elephants (D)
  2 deep elf demonologists (D)
  A deep elf death mage (D)
  A fire dragon (D)
  Snorg (D)
  2 yaktaur captains (D)
  A deep elf high priest (D)
  A naga warrior (D)
  2 hydras (D)
  7 anacondas (D)
  2 centaur warriors (D)
  4 death yaks (D)
  4 dancing weapons (D)
  Urug (D)
  3 orc high priests (D)
  2 deep elf knights (D)
  A death drake (D)
  An unseen horror (D)
  A spriggan druid (D)
  An orange crystal statue (D)
  2 orc knights (D)
  A lindwurm (D)
  An orc sorcerer (D)
  4 ugly things (D)
  3 crystal guardians (D)
  5 deep elf magi (D)
  2 elephants (D)
  6 black mambas (D)
  A guardian serpent (D)
  A torpor snail (shapeshifter) (D)
  2 cane toads (D)
  Edmund (D)
  2 yaktaurs (D)
  A rime drake (D)
  A komodo dragon (D)
  3 wandering mushrooms (D)
  A queen bee (D)
  2 tyrant leeches (D)
  4 spriggan defenders (D)
  2 slime creatures (D)
  8 blink frogs (D)
  3 snapping turtles (D)
  A shadow (D)
  3 redbacks (D)
  2 spriggans (D)
  A nameless horror (D)
  3 water moccasins (D)
  2 nagas (D)
  A spatial vortex (D)
  A hydra simulacrum (D)
  A floating eye (shapeshifter) (D)
  A swamp drake (D)
  An orc warrior (D)
  A necrophage (D)
  A fire dragon simulacrum (D)
  2 centaurs (D)
  A water elemental (D)
  32 killer bees (D)
  An electric eel (D)
  A jelly (D)
  4 orc priests (D)
  A wizard (D)
  2 orc wizards (D)
  Jessica (D)
  A necromancer (D)
  A polar bear simulacrum (D)
  A wolf simulacrum (D)
  3 humans (D)
  A kobold demonologist (D)
  5 adders (D)
  2 oozes (D)
  A phantom (D)
  9 orcs (D)
  A rat (D)
  8 bushes (D)
201 creatures vanquished.

Vanquished Creatures (collateral kills)
  2 alligator snapping turtles (D)
  A snapping turtle (D)
  A slime creature (D)
4 creatures vanquished.

Vanquished Creatures (others)
  A ballistomycete spore (D)
  100 foxfires (D)
  2 fungi (D)
  30 plants (D)
  12 tentacles (D)
145 creatures vanquished.

Grand Total: 350 creatures vanquished

Notes
Turn   | Place    | Note
-------+----------+-------------------------------------------
     0 | D        | iamoutofideas the Deep Elf Fire Elementalist began the
                  | quest for the Orb.
     0 | D        | Reached XP level 1. HP: 10/10 MP: 6/6
     9 | D        | Reached XP level 2. HP: 15/15 MP: 0/8
    82 | D        | Noticed Jessica
    90 | D        | Killed Jessica
    91 | D        | Reached skill level 4 in Spellcasting
    91 | D        | Reached XP level 3. HP: 19/19 MP: 6/11
   156 | D        | Reached skill level 5 in Spellcasting
   341 | D        | Gained mutation: You are weak. (Str -2) [potion of
                  | mutation]
   341 | D        | Gained mutation: Armour fits poorly on your strangely
                  | shaped body. [potion of mutation]
   341 | D        | Gained mutation: You are somewhat resistant to further
                  | mutation. [potion of mutation]
   342 | D        | Lost mutation: You are weak. (Str -2) [potion of mutation]
   342 | D        | Lost mutation: Armour fits poorly on your strangely shaped
                  | body. [potion of mutation]
   342 | D        | Lost mutation: You are somewhat resistant to further
                  | mutation. [potion of mutation]
   342 | D        | Gained mutation: Your muscles are strong. (Str +2) [potion
                  | of mutation]
   342 | D        | Gained mutation: Your muscles are very strong. (Str +4)
                  | [potion of mutation]
   342 | D        | Gained mutation: You have a pair of small antennae on your
                  | head. [potion of mutation]
   342 | D        | Gained mutation: You have large cloven feet. [potion of
                  | mutation]
   366 | D        | Learned a level 3 spell: Conjure Flame
   371 | D        | Noticed a water elemental
   382 | D        | Killed a water elemental
   383 | D        | Reached skill level 6 in Spellcasting
   383 | D        | Reached XP level 4. HP: 6/24 MP: 8/14
   429 | D        | Learned a level 4 spell: Sticky Flame
   605 | D        | Found a basalt altar of Yredelemnul.
   605 | D        | Found a shadowy altar of Dithmenos.
   605 | D        | Found a sacrificial altar of Ru.
   605 | D        | Noticed a necrophage
   610 | D        | Killed a necrophage
   611 | D        | Reached skill level 5 in Dodging
   611 | D        | Reached skill level 7 in Spellcasting
   611 | D        | Reached XP level 5. HP: 24/27 MP: 3/17
   613 | D        | Reached skill level 8 in Spellcasting
   727 | D        | Learned a level 5 spell: Fireball
   730 | D        | Found a radiant altar of Vehumet.
   730 | D        | Found a shimmering blue altar of Sif Muna.
   730 | D        | Found an ancient bone altar of Kikubaaqudgha.
   732 | D        | Reached skill level 10 in Fire Magic
   732 | D        | Reached XP level 6. HP: 31/31 MP: 12/19
   741 | D        | Became a worshipper of Vehumet
   781 | D        | Found a glowing silver altar of Zin.
   781 | D        | Found a glowing golden altar of the Shining One.
   781 | D        | Found a white marble altar of Elyvilon.
   783 | D        | Noticed a deep elf mage
   784 | D        | Killed a deep elf mage
   785 | D        | Reached skill level 11 in Spellcasting
   785 | D        | Reached XP level 7. HP: 35/35 MP: 4/23
   895 | D        | Found a hide-covered altar of Uskayaw.
   895 | D        | Found a roughly hewn altar of Beogh.
   895 | D        | Found an iron altar of Okawaru.
   895 | D        | Found a bloodstained altar of Trog.
   895 | D        | Found an ornate altar of the Wu Jian Council.
   895 | D        | Noticed a human
   897 | D        | Killed a human
   897 | D        | Noticed a human
   898 | D        | Killed a human
   898 | D        | Reached * piety under Vehumet
   898 | D        | Offered knowledge of Shock by Vehumet.
   991 | D        | Noticed a shadow
   992 | D        | Killed a shadow
   993 | D        | Reached skill level 12 in Spellcasting
   993 | D        | Reached XP level 8. HP: 40/40 MP: 15/26
  1050 | D        | Found a blossoming altar of Fedhas.
  1050 | D        | Found a stormy altar of Qazlal.
  1050 | D        | Found a snail-covered altar of Cheibriados.
  1050 | D        | Found a burning altar of Makhleb.
  1050 | D        | Found a shimmering altar of Xom.
  1054 | D        | Found a hazy altar of Hepliaklqana.
  1054 | D        | Found an opulent altar of Gozag.
  1054 | D        | Found a sparkling altar of Nemelex Xobeh.
  1054 | D        | Found a corrupted altar of Lugonu.
  1054 | D        | Found a viscous altar of Jiyva.
  1099 | D        | Offered knowledge of Magic Dart by Vehumet.
  1099 | D        | Reached ** piety under Vehumet
  1220 | D        | Noticed Snorg
  1229 | D        | Killed Snorg
  1230 | D        | Reached skill level 14 in Spellcasting
  1230 | D        | Reached skill level 10 in Conjurations
  1230 | D        | Reached XP level 9. HP: 39/44 MP: 1/29
  1714 | D        | Noticed a centaur warrior
  1715 | D        | Offered knowledge of Stone Arrow by Vehumet.
  1717 | D        | Killed a centaur warrior
  1718 | D        | Reached skill level 15 in Spellcasting
  1718 | D        | Reached skill level 15 in Fire Magic
  1804 | D        | Learned a level 3 spell: Stone Arrow
  1814 | D        | Noticed an unseen horror
  1815 | D        | Killed an unseen horror
  1815 | D        | Reached *** piety under Vehumet
  1873 | D        | Noticed a wandering mushroom
  1879 | D        | Killed a wandering mushroom
  1879 | D        | Offered knowledge of Frozen Ramparts by Vehumet.
  1880 | D        | Reached skill level 16 in Spellcasting
  1882 | D        | Noticed a wandering mushroom
  1892 | D        | Noticed a wandering mushroom
  1895 | D        | Killed a wandering mushroom
  1896 | D        | Killed a wandering mushroom
  1896 | D        | Reached **** piety under Vehumet
  1897 | D        | Reached XP level 10. HP: 49/49 MP: 10/32
  2007 | D        | Learned a level 3 spell: Frozen Ramparts
  2030 | D        | Noticed an orc knight
  2030 | D        | Noticed an orc sorcerer
  2031 | D        | Offered knowledge of Olgreb's Toxic Radiance by Vehumet.
  2034 | D        | Killed an orc sorcerer
  2034 | D        | Reached ***** piety under Vehumet
  2035 | D        | Reached skill level 17 in Spellcasting
  2036 | D        | Killed an orc knight
  2037 | D        | Noticed an orc knight
  2037 | D        | Noticed an orc high priest
  2041 | D        | Killed an orc knight
  2041 | D        | Reached ****** piety under Vehumet
  2041 | D        | Killed an orc high priest
  2042 | D        | Reached skill level 18 in Spellcasting
  2044 | D        | Found Qokhloy's Distillery.
  2107 | D        | Bought a potion of heal wounds for 60 gold pieces
  2107 | D        | Bought a potion of curing for 36 gold pieces
  2107 | D        | Bought a potion of haste for 120 gold pieces
  2107 | D        | Bought a potion of haste for 120 gold pieces
  2107 | D        | Bought a potion of curing for 36 gold pieces
  2107 | D        | Bought a potion of haste for 120 gold pieces
  2107 | D        | Bought a potion of ambrosia for 96 gold pieces
  2134 | D        | Learned a level 4 spell: Olgreb's Toxic Radiance
  2135 | D        | Noticed a deep elf mage
  2135 | D        | Noticed a deep elf knight
  2135 | D        | Noticed a deep elf knight
  2135 | D        | Noticed a deep elf mage
  2135 | D        | Noticed a deep elf mage
  2146 | D        | Killed a deep elf mage
  2146 | D        | Offered knowledge of Conjure Ball Lightning by Vehumet.
  2147 | D        | Killed a deep elf mage
  2152 | D        | Killed a deep elf knight
  2153 | D        | Reached skill level 19 in Spellcasting
  2155 | D        | Killed a deep elf knight
  2156 | D        | Reached XP level 11. HP: 13/54 MP: 12/36
  2156 | D        | Killed a deep elf mage
  2263 | D        | Noticed a deep elf demonologist
  2263 | D        | Noticed a deep elf mage
  2265 | D        | Killed a deep elf mage
  2265 | D        | Killed a deep elf demonologist
  2266 | D        | Reached skill level 20 in Spellcasting
  2267 | D        | Noticed a deep elf blademaster
  2272 | D        | Identified the +4 morningstar of the Middle {antimagic,
                  | rElec MR+ Stlth+}
  2272 | D        | Noticed a deep elf death mage
  2275 | D        | Noticed a deep elf high priest
  2275 | D        | Killed a deep elf death mage
  2315 | D        | Killed a deep elf high priest
  2343 | D        | Identified the +1 spear "Waberr" {vorpal, MR- Int+6 Dex+2}
  2343 | D        | Identified the cursed +0 tower shield "Izoraigeag" {MR+}
  2343 | D        | Noticed a deep elf demonologist
  2344 | D        | Noticed a reaper
  2345 | D        | Killed a deep elf demonologist
  2345 | D        | Noticed a deep elf annihilator
  2351 | D        | Killed a deep elf annihilator
  2352 | D        | Reached skill level 15 in Conjurations
  2596 | D        | Killed a deep elf blademaster
  2597 | D        | Reached skill level 21 in Spellcasting
  2616 | D        | Got a coiled granite ring
  2616 | D        | Got a wavering jade amulet
  2617 | D        | Identified the Compendium of Ashen Transmigration
  2624 | D        | Identified The Arcane Secrets of Witchcraft
  2627 | D        | Identified the Catalogue of Weightlessness and the
                  | Mountains
  2672 | D        | Learned a level 6 spell: Statue Form
  2679 | D        | Learned a level 6 spell: Iron Shot
  2685 | D        | Learned a level 5 spell: Bolt of Magma
  2727 | D        | Identified the ring "Ucops" {rPois Str+4 Dex+3 Stlth+} (You
                  | found it in the Dungeon)
  2733 | D        | Identified the amulet of Dutoenatt {Faith rC+ Int+3} (You
                  | found it in the Dungeon)
  2736 | D        | Noticed Sigmund
  2736 | D        | Noticed Edmund
  2744 | D        | Killed Sigmund
  2745 | D        | Reached skill level 22 in Spellcasting
  2745 | D        | Reached XP level 12. HP: 6/59 MP: 19/40
  2747 | D        | Killed Edmund
  2930 | D        | Offered knowledge of Starburst by Vehumet.
  3030 | D        | Reached skill level 5 in Transmutations
  3032 | D        | Reached skill level 5 in Earth Magic
  3090 | D        | Learned a level 7 spell: Spellforged Servitor
  3126 | D        | Offered knowledge of Irradiate by Vehumet.
  3143 | D        | Learned a level 5 spell: Irradiate
  3296 | D        | Noticed Urug
  3297 | D        | Killed Urug
  3326 | D        | Noticed a four-headed hydra
  3326 | D        | Noticed a five-headed hydra
  3327 | D        | Offered knowledge of Lee's Rapid Deconstruction by Vehumet.
  3330 | D        | Killed a five-headed hydra
  3330 | D        | Killed a four-headed hydra
  3331 | D        | Reached skill level 23 in Spellcasting
  3447 | D        | Learned a level 5 spell: Lee's Rapid Deconstruction
  3448 | D        | Found a blossoming altar of Fedhas.
  3449 | D        | Offered knowledge of Freezing Cloud by Vehumet.
  3573 | D        | Found the +11 plutonium sword {*Contam Stlth-}
  3667 | D        | Noticed Rupert
  3671 | D        | Killed Rupert
  3672 | D        | Reached XP level 13. HP: 63/63 MP: 28/42
  3726 | D        | Offered knowledge of Ozocubu's Refrigeration by Vehumet.
  3747 | D        | Reached skill level 10 in Earth Magic
  3907 | D        | Offered knowledge of Lehudib's Crystal Spear by Vehumet.
  3908 | D        | Reached skill level 24 in Spellcasting
  3908 | D        | Noticed an azure jelly
  3908 | D        | Noticed an azure jelly
  3909 | D        | Noticed an azure jelly
  3909 | D        | Noticed an azure jelly
  3926 | D        | Learned a level 8 spell: Lehudib's Crystal Spear
  3957 | D        | Noticed a kraken
  3968 | D        | Killed a kraken
  4123 | D        | Offered knowledge of Fire Storm by Vehumet.
  4123 | D        | Offered knowledge of Ignition by Vehumet.
  4123 | D        | Offered knowledge of Absolute Zero by Vehumet.
  4285 | D        | Found Cusetyanyv's Antique Armour Shop.
  4285 | D        | Found Qeytou's Jewellery Boutique.
  4285 | D        | Found Ynuowo's Distillery.
  4293 | D        | Got a barnacled rune of Zot
  4300 | D        | Bought 2 potions of heal wounds for 120 gold pieces
  4300 | D        | Bought a potion of curing for 36 gold pieces
  4300 | D        | Bought a potion of curing for 36 gold pieces
  4300 | D        | Bought a potion of haste for 120 gold pieces
  4300 | D        | Bought 2 potions of lignification for 72 gold pieces
  4318 | D        | Learned a level 8 spell: Ignition
  4442 | D        | Noticed a dire elephant
  4442 | D        | Noticed a dire elephant
  4442 | D        | Noticed Gastronok
  4445 | D        | Killed a dire elephant
  4445 | D        | Killed a dire elephant
  4446 | D        | Reached skill level 25 in Spellcasting
  4447 | D        | Killed Gastronok
  4808 | D        | Reached skill level 5 in Stealth
  4808 | D        | Reached skill level 26 in Spellcasting
  4994 | D        | Reached XP level 14. HP: 68/68 MP: 32/46
  5099 | D        | Noticed a nagaraja
  5102 | D        | Killed a nagaraja
  5103 | D        | Reached skill level 27 in Spellcasting
  5108 | D        | Found Najocu's Antique Armour Shop.
  5108 | D        | Found Fobeffid's Distillery.
  5110 | D        | Found Opazul's Gadget Boutique.
  5118 | D        | Bought 3 potions of heal wounds for 165 gold pieces
  5118 | D        | Bought a potion of heal wounds for 55 gold pieces
  5118 | D        | Bought a potion of curing for 33 gold pieces
  5118 | D        | Bought a potion of haste for 110 gold pieces
  5225 | D        | Got a serpentine rune of Zot
  6071 | D        | Found Vatioqol's Magic Scroll Shop.
  6071 | D        | Found Xerat's Antique Weapon Boutique.
  6071 | D        | Found Hilic's Book Shoppe.
  6071 | D        | Found Bysifoj's Gadget Boutique.
  6071 | D        | Found Hoelitu's Weapon Emporium.
  6071 | D        | Found Obien's Antique Armour Shoppe.
  6071 | D        | Found Bilig's Jewellery Shop.
  6071 | D        | Found Tones's Book Shop.
  6071 | D        | Found Leqeymag's Distillery.
  6071 | D        | Found Toegis's Antique Armour Emporium.
  6071 | D        | Found Tulytrea's Distillery.
  6124 | D        | Bought a book of Minor Magic for 200 gold pieces
  6127 | D        | Learned a level 2 spell: Blink
  6296 | D        | Got a brightly glowing marble ring
  6297 | D        | Identified the ring "Uwnoleakh" {*Corrode rC+ Dex+4 Slay+2}
                  | (You found it in the Dungeon)
  6308 | D        | Found the +8 frozen axe "Frostbite" {freezing cloud, *Noise
                  | +Fly rC+}
  6875 | D        | Noticed Chuck
  7028 | D        | Killed Chuck
  7124 | D        | Noticed Frederick
  7137 | D        | Killed by a reflected crystal spear
                  | ... reflected by Frederick

Illustrated notes

Levels and vault maps discovered:
D:        dungeon_sprint_mu [sprint_mu_entry_forest, sprint_mu_temple_rooms,
          sprint_mu_d1_horrors, sprint_mu_d2_genie, sprint_mu_d3_branching,
          sprint_mu_orc_legion, sprint_mu_elf_gauntlet, sprint_mu_hive_nellie,
          sprint_mu_lair_fedhas, sprint_mu_vaults_butterflies,
          sprint_mu_slime_circle, sprint_mu_shoals_kraken,
          sprint_mu_snake_twists, sprint_mu_blade_basic,
          sprint_mu_crypt_fortress, sprint_mu_tomb_spiral,
          sprint_mu_vestibule_basic, sprint_mu_gehenna_hellfire,
          sprint_mu_dis_giant, sprint_mu_tartarus_statrot,
          sprint_mu_cocytus_islands, sprint_mu_zot1]

Skill      XL: |  1  2  3  4  5  6  7  8  9 10 11 12 13 14 |
---------------+-------------------------------------------+-----
Fire Magic     | 4 6 8 9 10 12 13 14 15 17 19 21 24 | 24.2
Dodging        | 3 4 5 9 |  9.6
Stealth        | 3 4 5 |  5.3
Spellcasting   | 4 6 7 8 11 12 14 16 19 22 23 26 27 | 27.0
Conjurations   | 2 4 6 8 10 12 13 15 16 18 19 | 19.2
Transmutations | 4 7 9 |  9.0
Earth Magic    | 3 9 11 12 | 12.9

Action                   |  1- 3 |  4- 6 |  7- 9 | 10-12 | 13-15 || total
-------------------------+-------+-------+-------+-------+-------++-------
Melee: Kick              |       |       |     1 |       |     1 ||     2
       Long sword        |       |       |       |       |     2 ||     2
 Cast: Foxfire           |    26 |     5 |    32 |       |     7 ||    70
       Sticky Flame      |       |     2 |     3 |     1 |       ||     6
       Fireball          |       |     4 |    20 |    55 |    31 ||   110
       Conjure Flame     |       |       |     1 |       |       ||     1
       Frozen Ramparts   |       |       |       |     4 |       ||     4
       Olgreb's Toxic Ra |       |       |       |     3 |     1 ||     4
       Stone Arrow       |       |       |       |     2 |     2 ||     4
       Iron Shot         |       |       |       |    20 |    38 ||    58
       Bolt of Magma     |       |       |       |     1 |       ||     1
       Ignition          |       |       |       |       |    28 ||    28
       Lehudib's Crystal |       |       |       |       |    11 ||    11
       Spellforged Servi |       |       |       |       |     3 ||     3
       Lee's Rapid Decon |       |       |       |       |     7 ||     7
       Statue Form       |       |       |       |       |     1 ||     1
  Use: Potion            |     3 |       |       |     7 |     1 ||    11
       Scroll            |       |       |       |     5 |     4 ||     9
Armor: Leather armour    |       |       |     2 |       |       ||     2
       Troll leather arm |       |       |     2 |     2 |     4 ||     8
       Skin              |       |       |       |       |     1 ||     1
Dodge: Dodged            |     5 |     2 |     6 |    13 |    27 ||    53
       Rpst.: Long sword |       |       |     1 |       |     5 ||     6

Table legend: (Time is in decaauts)
 A = Elapsed time spent in this place.
 B = Non-inter-level travel time spent in this place.
 C = Inter-level travel time spent in this place.
 D = Time resting spent in this place.
 E = Time spent auto-exploring this place.
 F = Levels seen in this place.
 G = Mean time per level.
                   A        B        C        D        E       F      G
               +--------+--------+--------+--------+--------+-----+--------+
         Total |   7217 |   6629 |    588 |   4851 |      1 |   1 | 7217.0 |
       Dungeon |   7217 |   6629 |    588 |   4851 |      1 |   1 | 7217.0 |
               +--------+--------+--------+--------+--------+-----+--------+

Top non-repeatable levels by time:
       D: 7217 daAuts
